BR
SAN FRANCISCO MACHO MEN @ HARTFORD DARTH WHALERS
09/04/2026
 
TOP OF THE 1ST
Fremont Cyclones batting - Pitching for Hartford Darth Whalers : RHP Jerry Catron
Pitching: RHP Jerry Catron
Batting: RHB Jaime Delgado 0-0: Ground out 1-3 (Groundball, 23)
Batting: RHB Pablo Pineda 0-0: Ball
1-0: Ball
2-0: Called Strike
2-1: Ball
3-1: Fly out, F7 (Flyball, 7M)
Batting: LHB Ernesto Hernández 0-0: Called Strike
0-1: Fly out, F4 (Popup, 4MD)
Top of the 1st over - 0 run(s), 0 hit(s), 0 error(s), 0 left on base; Fremont 0 - Hartford 0
BOTTOM OF THE 1ST
Hartford Darth Whalers batting - Pitching for Fremont Cyclones : RHP Tomás Muńóz
Pitching: RHP Tomás Muńóz
Batting: RHB Christian Moss 0-0: Called Strike
0-1: Ball
1-1: Called Strike
1-2: Ball
2-2: Foul Ball, location: 2F
2-2: Strikes out looking
Batting: SHB Manuel Jiménez 0-0: Ground out 4-3 (Groundball, 4)
Batting: LHB Júlio Córdova 0-0: Ball
1-0: Ground out 4-3 (Groundball, 34)
Bottom of the 1st over - 0 run(s), 0 hit(s), 0 error(s), 0 left on base; Fremont 0 - Hartford 0
TOP OF THE 2ND
Fremont Cyclones batting - Pitching for Hartford Darth Whalers : RHP Jerry Catron
Batting: LHB Sergio Fernández 0-0: Ball
1-0: Called Strike
1-1: Foul Ball, location: 2F
1-2: Ball
2-2: Ball
3-2: Fly out, F8 (Flyball, 8RXD)
Batting: RHB Ronald Smith 0-0: Ball
1-0: Foul Ball, location: 2F
1-1: Swinging Strike
1-2: Strikes out swinging
Batting: LHB Clayton Bailey 0-0: SINGLE (Groundball, 4MD)
Batting: RHB Juan Estrada 0-0: Ball
1-0: Swinging Strike
1-1: Swinging Strike
1-2: Ball
2-2: Fielders Choice at 2nd, U4 (Groundball, 4M)
Top of the 2nd over - 0 run(s), 1 hit(s), 0 error(s), 1 left on base; Fremont 0 - Hartford 0
BOTTOM OF THE 2ND
Hartford Darth Whalers batting - Pitching for Fremont Cyclones : RHP Tomás Muńóz
Batting: RHB Sergio Calderón 0-0: Called Strike
0-1: Ball
1-1: SINGLE (Line Drive, 9S)
Batting: RHB José Chávez 0-0: Ball
1-0: Ball
2-0: Ball
3-0: Called Strike
3-1: Fielders Choice at 2nd, 1-4 (Groundball, 13S)
Batting: RHB Vaughan Tillman 0-0: Ball
José Chávez steals 2nd base
1-0: Ball
2-0: Called Strike
2-1: Swinging Strike
2-2: Foul Ball, location: 2F
2-2: Foul Ball, location: 2F
2-2: Strikes out looking
Batting: LHB Carlos Estrada 0-0: Foul Ball, location: 2F
0-1: Ground out 4-3 (Groundball, 4)
Bottom of the 2nd over - 0 run(s), 1 hit(s), 0 error(s), 1 left on base; Fremont 0 - Hartford 0
TOP OF THE 3RD
Fremont Cyclones batting - Pitching for Hartford Darth Whalers : RHP Jerry Catron
Batting: LHB Mal Jiménez 0-0: Fly out, F4 (Popup, 34)
Batting: RHB Carlos Rosales 0-0: Called Strike
0-1: Ball
1-1: Called Strike
1-2: Foul Ball, location: 2F
1-2: Strikes out looking
Batting: RHB Jaime Delgado 0-0: Called Strike
0-1: Called Strike
0-2: Strikes out swinging
Top of the 3rd over - 0 run(s), 0 hit(s), 0 error(s), 0 left on base; Fremont 0 - Hartford 0
BOTTOM OF THE 3RD
Hartford Darth Whalers batting - Pitching for Fremont Cyclones : RHP Tomás Muńóz
Batting: RHB José Rosales 0-0: Called Strike
0-1: Foul Ball, location: 2F
0-2: Ball
1-2: Ball
2-2: Strikes out looking
Batting: LHB Ignacio Méndez 0-0: Ball
1-0: Called Strike
1-1: Ball
2-1: Ball
3-1: Base on Balls
Batting: RHB Christian Moss 0-0: Called Strike
0-1: Foul Ball, location: 2F
0-2: Ball
1-2: Ball
2-2: Grounds into double play, 1-4-3 (Groundball, 15S)
Bottom of the 3rd over - 0 run(s), 0 hit(s), 0 error(s), 0 left on base; Fremont 0 - Hartford 0
TOP OF THE 4TH
Fremont Cyclones batting - Pitching for Hartford Darth Whalers : RHP Jerry Catron
Batting: RHB Pablo Pineda 0-0: Ball
1-0: Ball
2-0: Called Strike
2-1: Ball
3-1: Base on Balls
Batting: LHB Ernesto Hernández 0-0: Ball
1-0: Ball
2-0: SINGLE (Groundball, 56D)
Pablo Pineda to second
Batting: LHB Sergio Fernández 0-0: Swinging Strike
0-1: Foul Ball, location: 2F
0-2: Ball
1-2: Ball
2-2: Ball
3-2: SINGLE (Flyball, 89S)
Pablo Pineda to third
Ernesto Hernández to second
Batting: RHB Ronald Smith 0-0: Fly out, F3 (Popup, 3SF)
Batting: LHB Clayton Bailey 0-0: Called Strike
0-1: Ball
1-1: Ball
2-1: Ball
3-1: Called Strike
3-2: SINGLE (Groundball, 6MD)
Pablo Pineda scores
Ernesto Hernández to third
Sergio Fernández to second
Runner from 3rd tries for Home, throw and OUT!
Batting: RHB Juan Estrada 0-0: Called Strike
0-1: Ball
1-1: Ball
2-1: Ball
3-1: Ground out 5-3 (Groundball, 56S)
Top of the 4th over - 1 run(s), 3 hit(s), 0 error(s), 2 left on base; Fremont 1 - Hartford 0
BOTTOM OF THE 4TH
Hartford Darth Whalers batting - Pitching for Fremont Cyclones : RHP Tomás Muńóz
Batting: SHB Manuel Jiménez 0-0: Bunted foul
0-1: Foul Ball, location: 2F
0-2: Fly out, F6 (Popup, 6MD)
Batting: LHB Júlio Córdova 0-0: Ball
1-0: Fly out, F8 (Flyball, 8RS)
Batting: RHB Sergio Calderón 0-0: Ball
1-0: Foul Ball, location: 2F
1-1: Swinging Strike
1-2: Ball
2-2: SINGLE (Line Drive, 56)
Batting: RHB José Chávez 0-0: Foul Ball, location: 2F
0-1: Ball
1-1: Ball
Sergio Calderón is caught stealing 2nd base
Bottom of the 4th over - 0 run(s), 1 hit(s), 0 error(s), 0 left on base; Fremont 1 - Hartford 0
TOP OF THE 5TH
Fremont Cyclones batting - Pitching for Hartford Darth Whalers : RHP Jerry Catron
Batting: LHB Mal Jiménez 0-0: Called Strike
0-1: Called Strike
0-2: Ball
1-2: Strikes out swinging
Batting: RHB Carlos Rosales 0-0: Called Strike
0-1: Fly out, F8 (Flyball, 8LM)
Batting: RHB Jaime Delgado 0-0: Bunt for hit - play at first, batter safe!
Batting: RHB Pablo Pineda 0-0: Called Strike
Jaime Delgado is caught stealing 2nd base
Top of the 5th over - 0 run(s), 1 hit(s), 0 error(s), 0 left on base; Fremont 1 - Hartford 0
BOTTOM OF THE 5TH
Hartford Darth Whalers batting - Pitching for Fremont Cyclones : RHP Tomás Muńóz
Batting: RHB José Chávez 0-0: Ball
1-0: Called Strike
1-1: Foul Ball, location: 2F
1-2: Strikes out swinging
Batting: RHB Vaughan Tillman 0-0: Swinging Strike
0-1: Ball
1-1: Ball
2-1: Called Strike
2-2: Ball
3-2: Foul Ball, location: 2F
3-2: Base on Balls
Batting: LHB Carlos Estrada 0-0: Grounds out, U3 (Groundball, 3L)
Batting: RHB José Rosales 0-0: Ball
1-0: Ball
2-0: Called Strike
2-1: Foul Ball, location: 2F
2-2: Ball
Passed Ball!
Vaughan Tillman to third
3-2: Base on Balls
Batting: LHB Ignacio Méndez 0-0: Ball
1-0: Ball
2-0: Called Strike
2-1: Ball
3-1: Called Strike
3-2: Base on Balls
José Rosales to second
Batting: RHB Christian Moss 0-0: Ball
1-0: Ball
2-0: Swinging Strike
2-1: Ball
3-1: Foul Ball, location: 2F
3-2: Base on Balls
Vaughan Tillman scores
José Rosales to third
Ignacio Méndez to second
Pitching: RHP Jesús Ramírez
Batting: SHB Manuel Jiménez 0-0: Called Strike
0-1: Ball
1-1: Foul Ball, location: 2F
1-2: DOUBLE (Flyball, 7LM)
José Rosales scores
Ignacio Méndez scores
Christian Moss to third
Batting: LHB Júlio Córdova 0-0: Called Strike
0-1: Ball
1-1: Foul Ball, location: 2F
1-2: Strikes out looking
Bottom of the 5th over - 3 run(s), 1 hit(s), 0 error(s), 2 left on base; Fremont 1 - Hartford 3
TOP OF THE 6TH
Fremont Cyclones batting - Pitching for Hartford Darth Whalers : RHP Jerry Catron
Batting: RHB Pablo Pineda 0-0: Called Strike
0-1: Called Strike
0-2: Strikes out swinging
Batting: LHB Ernesto Hernández 0-0: Fly out, F6 (Popup, 4MD)
Batting: LHB Sergio Fernández 0-0: Ball
1-0: Swinging Strike
1-1: SINGLE (Line Drive, 4MD)
Batting: RHB Ronald Smith 0-0: Foul Ball, location: 2F
0-1: DOUBLE (Groundball, 3L)
Sergio Fernández to third
Runner from 3rd tries for Home, throw and OUT!
Top of the 6th over - 0 run(s), 2 hit(s), 0 error(s), 1 left on base; Fremont 1 - Hartford 3
BOTTOM OF THE 6TH
Hartford Darth Whalers batting - Pitching for Fremont Cyclones : RHP Jesús Ramírez
Batting: RHB Sergio Calderón 0-0: Ball
1-0: SINGLE (Groundball, 4MD)
Batting: RHB José Chávez 0-0: Ball
1-0: Foul Ball, location: 2F
1-1: Swinging Strike
1-2: Strikes out swinging
Batting: RHB Vaughan Tillman 0-0: Ball
Passed Ball!
Sergio Calderón to second
1-0: Intentional Walk
Batting: LHB Carlos Estrada 0-0: Ball
1-0: Ball
2-0: Foul Ball, location: 2F
2-1: Swinging Strike
2-2: Ball
3-2: Hit by Pitch
Sergio Calderón to third
Vaughan Tillman to second
Batting: RHB José Rosales 0-0: Fly out, F8 (Line Drive, 8RS)
Batting: LHB Ignacio Méndez 0-0: Ball
1-0: Foul Ball, location: 2F
1-1: Foul Ball, location: 2F
1-2: SINGLE (Line Drive, 8RS)
Sergio Calderón scores
Vaughan Tillman to third
Carlos Estrada to second
Batting: RHB Christian Moss 0-0: Ball
1-0: Called Strike
1-1: Swinging Strike
1-2: Ball
2-2: Ground out 5-3 (Groundball, 5)
Bottom of the 6th over - 1 run(s), 2 hit(s), 0 error(s), 3 left on base; Fremont 1 - Hartford 4
TOP OF THE 7TH
Fremont Cyclones batting - Pitching for Hartford Darth Whalers : RHP Jerry Catron
Batting: LHB Clayton Bailey 0-0: Ball
1-0: Ball
2-0: SINGLE (Line Drive, 5D)
Batting: RHB Juan Estrada 0-0: Ball
1-0: Foul Ball, location: 2F
1-1: Foul Ball, location: 2F
1-2: Grounds into double play, 4-6-3 (Groundball, 4)
Batting: LHB Mal Jiménez 0-0: Ball
1-0: Ball
2-0: Ball
3-0: Called Strike
3-1: Fly out, F9 (Line Drive, 9M)
Top of the 7th over - 0 run(s), 1 hit(s), 0 error(s), 0 left on base; Fremont 1 - Hartford 4
BOTTOM OF THE 7TH
Hartford Darth Whalers batting - Pitching for Fremont Cyclones : RHP Jesús Ramírez
Batting: SHB Manuel Jiménez 0-0: Swinging Strike
0-1: Foul Ball, location: 2F
0-2: TRIPLE (Line Drive, 8RD)
Batting: LHB Júlio Córdova 0-0: Intentional Walk
Pitching: RHP José Estrada
Batting: RHB Sergio Calderón 0-0: Called Strike
Júlio Córdova is caught stealing 2nd base
0-1: Fly out, F9 (Flyball, 89M)
Runner from 3rd tags up, SCORES, no throw
Batting: RHB José Chávez 0-0: Called Strike
0-1: Ground out 4-3 (Groundball, 4)
Bottom of the 7th over - 1 run(s), 1 hit(s), 0 error(s), 0 left on base; Fremont 1 - Hartford 5
TOP OF THE 8TH
Fremont Cyclones batting - Pitching for Hartford Darth Whalers : RHP Jerry Catron
Pitching: LHP Will Chapman
Batting: RHB Carlos Rosales 0-0: Ball
1-0: Called Strike
1-1: Foul Ball, location: 2F
1-2: Ball
2-2: Strikes out looking
Batting: RHB Jaime Delgado 0-0: Called Strike
0-1: Ball
1-1: Foul Ball, location: 2F
1-2: Ground out 4-3 (Groundball, 4)
Batting: RHB Pablo Pineda 0-0: Ball
1-0: Ball
2-0: Foul Ball, location: 2F
2-1: Swinging Strike
2-2: Ball
3-2: Strikes out swinging
Top of the 8th over - 0 run(s), 0 hit(s), 0 error(s), 0 left on base; Fremont 1 - Hartford 5
BOTTOM OF THE 8TH
Hartford Darth Whalers batting - Pitching for Fremont Cyclones : RHP José Estrada
Batting: RHB Vaughan Tillman 0-0: Ball
1-0: Called Strike
1-1: Swinging Strike
1-2: SOLO HOME RUN (Flyball, 7LD), Distance : 348 ft
Batting: LHB Carlos Estrada 0-0: Called Strike
0-1: Ball
1-1: Foul Ball, location: 2F
1-2: Foul Ball, location: 2F
1-2: Ball
2-2: DOUBLE (Flyball, 9LM)
Batting: RHB José Rosales 0-0: Called Strike
0-1: Called Strike
0-2: Ball
1-2: Foul Ball, location: 2F
1-2: Ball
2-2: Strikes out swinging
Batting: LHB Ignacio Méndez 0-0: Called Strike
0-1: Hit by Pitch
Batting: RHB Christian Moss 0-0: Called Strike
0-1: Ball
1-1: Called Strike
1-2: Foul Ball, location: 2F
1-2: Strikes out swinging
Batting: SHB Manuel Jiménez 0-0: Ball
1-0: Foul Ball, location: 2F
1-1: DOUBLE (Flyball, 7D)
Carlos Estrada scores
Ignacio Méndez to third
Runner from 3rd tries for Home, SAFE, no throw or cutoff
Batting: LHB Júlio Córdova 0-0: Ball
1-0: Ball
2-0: Ball
3-0: Called Strike
3-1: Foul Ball, location: 2F
3-2: Strikes out looking
Bottom of the 8th over - 3 run(s), 3 hit(s), 0 error(s), 1 left on base; Fremont 1 - Hartford 8
TOP OF THE 9TH
Fremont Cyclones batting - Pitching for Hartford Darth Whalers : LHP Will Chapman
Batting: LHB Ernesto Hernández 0-0: Called Strike
0-1: Reached on error, E4 (Groundball, 4)
Batting: LHB Sergio Fernández 0-0: Ball
1-0: Called Strike
1-1: Ball
2-1: Foul Ball, location: 2F
2-2: Grounds into double play, 4-6-3 (Groundball, 34)
Batting: RHB Ronald Smith 0-0: Called Strike
0-1: Called Strike
0-2: Ball
1-2: Foul Ball, location: 2F
1-2: Foul Ball, location: 2F
1-2: Ball
2-2: Ball
3-2: Base on Balls
Batting: LHB Clayton Bailey 0-0: Called Strike
0-1: Ball
1-1: Foul Ball, location: 2F
1-2: Ball
2-2: Ground out U3 (Groundball, 3)
Top of the 9th over - 0 run(s), 0 hit(s), 1 error(s), 1 left on base; Fremont 1 - Hartford 8
Monday, December 5th, 2016 - OOTP Baseball 17.12 Build 75